 Dungeon Crawl Stone Soup version 0.28-a0-1555-g9ae15a6949 (webtiles) character file.

Game seed: 6306013309013088491

136 wilfster70 the Ruffian (level 4, -2/40 HPs)
             Began as a Troll Transmuter on Jan 18, 2022.
             Was an Initiate of Hepliaklqana.
             Shot with an arrow by a centaur (9 damage)
             ... on level 5 of the Dungeon.
             The game lasted 00:06:40 (2607 turns).

wilfster70 the Ruffian (Troll Transmuter)           Turns: 2607, Time: 00:06:41

Health: -2/40      AC:  5    Str: 18    XL:     4   Next: 98%
Magic:  4/4        EV:  9    Int: 11    God:    Hepliaklqana [......]
Gold:   187        SH:  0    Dex: 10    Spells: 5/5 levels left

rFire   . . .      SeeInvis .     - Unarmed
rCold   . . .      Faith    .   (no shield)
rNeg    . . .      Spirit   .   a - +1 robe
rPois   .          Reflect  .   (helmet restricted)
rElec   .          Harm     .   (no cloak)
rCorr   .          Rampage  .   (gloves unavailable)
Will    .....                   (boots unavailable)
Stlth   +.........              b - amulet of the acrobat
HPRegen 0.93/turn               (no ring)
MPRegen 0.09/turn               (no ring)

@: no status effects
A: large, unfitting armour, claws 3, regeneration 1, shaggy fur 1, tough skin 1
a: Renounce Religion


You were on level 5 of the Dungeon.
You worshipped Hepliaklqana.
Hepliaklqana was noncommittal.
You visited 1 branch of the dungeon, and saw 5 of its levels.

You collected 187 gold pieces.

Inventory:

Missiles
 e - 2 datura-tipped darts
Armour
 a - a +1 robe (worn)
Jewellery
 b - an amulet of the acrobat (around neck)
Scrolls
 c - a scroll of holy word
 d - a scroll of teleportation
 f - a scroll of magic mapping {unknown}
 r - 3 scrolls of identify
Potions
 g - a potion of mutation
 h - a potion of curing
 i - 2 potions of berserk rage


   Skills:
 - Level 0.7 Fighting
 - Level 1.5 Dodging
 + Level 4.5 Unarmed Combat
 - Level 1.2 Spellcasting
 + Level 2.9 Transmutations


You had 5 spell levels left.
You didn't know any spells.
Your spell library contained the following spells:

 Spells                   Type           Power      Damage    Failure   Level
 Beastly Appendage        Tmut           14%        N/A       10%         1
 Wereblood                Tmut           7%         N/A       14%         2
 Corpse Rot               Necr/Air       0%         N/A       43%         2
 Poisonous Vapours        Pois/Air       0%         N/A       43%         2
 Spider Form              Tmut/Pois      3%         N/A       45%         3
 Call Canine Familiar     Summ           0%         N/A       67%         3
 Portal Projectile        Hex/Tloc       0%         N/A       67%         3
 Ice Form                 Ice/Tmut       3%         N/A       86%         4
 Leda's Liquefaction      Hex/Erth       0%         N/A       97%         4


Dungeon Overview and Level Annotations

Branches:
Dungeon (5/15)
 Temple: D:4-7

Altars:
Hepliaklqana
Sif Muna
Uskayaw
Xom


Innate Abilities, Weirdness & Mutations

You are too large for most types of armour.
You have claws for hands.
Your natural rate of healing is unusually fast.
You are covered in fur. (AC +1)
You have tough skin. (AC +1)


Message History

Found a hazy altar of Hepliaklqana.
r - 3 scrolls of identify (gained 1)
There is a hazy altar of Hepliaklqana here.
You kneel at the altar of Hepliaklqana.
Hepliaklqana welcomes you!
You see here a +0 club.
Done exploring.
(D) Dungeon
Where to? (Enter - D:4, ? - help)
There is a stone staircase leading down here.
You climb downwards.
Found a robe and 16 gold pieces.
There is a stone staircase leading up here.
A dart slug is nearby!
The dart slug launches a dart at you. The slug dart misses you.
The dart slug completely misses you.
You claw the dart slug!
You kill the dart slug!
You now have 187 gold pieces (gained 16).
A centaur comes into view.
Found an escape hatch in the floor.
The centaur wields a +0 shortbow.
The centaur shoots an arrow.
The arrow completely misses you.
Found a stone staircase leading down.
The centaur shoots an arrow.
The arrow hits you!
A phantom comes into view.
The centaur shoots an arrow.
The arrow hits you.
The phantom moves out of view.
A water moccasin zombie comes into view.
Found the Almanac of Stolen Souls and Combat Magic.
A quokka comes into view.
The centaur shoots an arrow.
The arrow hits you!
* * * LOW HITPOINT WARNING * * *
The centaur shoots an arrow.
The arrow completely misses you.
The centaur shoots an arrow.
The arrow hits you!
* * * LOW HITPOINT WARNING * * *
Okay, then.
Unknown command.
You feel better.
The centaur shoots an arrow.
The arrow hits you!
You die...

#####...........#
##...............#
#...............##
#.......[......##
#........###..##
#.......## #..
###.....# .....
#...#...##.##.#
.....##.@......#
#.... #Z........
#...........>r..
......#......W..
..#..#.........
.:.. .....#..c.
.........###..#
#>. .#.... ###
.....##


You could see a phantom, a centaur, a water moccasin zombie and a quokka.

Vanquished Creatures
  A hound skeleton (D:4)
  A gnoll (D:1)
  4 adders
  2 worms (D:3)
  3 dart slugs
  An orc (D:4)
  5 bats
  5 endoplasms
  4 giant cockroaches
  5 goblins
  4 hobgoblins
  7 kobolds
  2 quokkas
  11 ball pythons
  A frilled lizard (D:1)
  8 rats
64 creatures vanquished.

Vanquished Creatures (others)
  A black bear (D:4)
  A gnoll (D:4)
  A dart slug (D:4)
  A goblin (D:4)
  A hobgoblin (D:4)
  A ball python (D:4)
  A kobold (D:4)
7 creatures vanquished.

Grand Total: 71 creatures vanquished

Notes
Turn   | Place    | Note
-------+----------+-------------------------------------------
     0 | D:1      | wilfster70 the Troll Transmuter began the quest for the
                  | Orb.
     0 | D:1      | Reached XP level 1. HP: 18/18 MP: 1/1
   198 | D:1      | Reached XP level 2. HP: 26/26 MP: 2/2
   548 | D:1      | Reached XP level 3. HP: 12/32 MP: 3/3
   999 | D:2      | Found a faded altar of an unknown god.
  1209 | D:2      | Reached skill level 4 in Unarmed Combat
  1210 | D:2      | Reached XP level 4. HP: 29/40 MP: 4/4
  1630 | D:3      | Found a shimmering blue altar of Sif Muna.
  2039 | D:4      | Noticed a black bear
  2041 | D:4      | Found a shimmering altar of Xom.
  2049 | D:4      | Killed a black bear
  2504 | D:4      | Found a hide-covered altar of Uskayaw.
  2509 | D:4      | Found a hazy altar of Hepliaklqana.
  2525 | D:4      | Became a worshipper of Hepliaklqana the Forgotten
  2585 | D:5      | Entered Level 5 of the Dungeon
  2602 | D:5      | Noticed a centaur
  2604 | D:5      | Noticed a phantom
  2606 | D:5      | HP: 1/40 [centaur/arrow (11)]
  2607 | D:5      | Shot with an arrow by a centaur

Illustrated notes

Levels and vault maps discovered:
D:1:      dpeg_arrival_round_b, layout_loops_corners, moated_statue,
          minivault_19
D:2:      layout_rooms, shapermc_ecumenical_altar_mp_vishouse
D:3:      layout_rooms, amcnicky_altar_gilded, kennysheep_doodads, st_stairs_6,
          grunt_decor_mini_mirrors
D:4:      layout_basic, xom_confusion_cloud, minitemple, kennysheep_potato
D:5:      layout_cave_pools, nicolae_tso_carved_into_rock,
          nicolae_figureground_sparkle

Skill      XL: |  1  2  3 |
---------------+----------+-----
Transmutations | 2 |  2.9
Unarmed Combat | 4 |  4.5
Fighting       | |  0.7
Dodging        | |  1.5
Spellcasting   | |  1.2

Action                   |  1- 3 |  4- 6 || total
-------------------------+-------+-------++-------
Melee: Unarmed           |    80 |    48 ||   128
       Punch             |     1 |       ||     1
  Use: Scroll            |     4 |     7 ||    11
       Potion            |       |     1 ||     1
 Stab: Sleeping          |       |     2 ||     2
Armor: Robe              |    20 |    11 ||    31
Dodge: Dodged            |    33 |    33 ||    66

Table legend: (Time is in decaauts)
 A = Elapsed time spent in this place.
 B = Non-inter-level travel time spent in this place.
 C = Inter-level travel time spent in this place.
 D = Time resting spent in this place.
 E = Time spent auto-exploring this place.
 F = Levels seen in this place.
 G = Mean time per level.
                   A        B        C        D        E       F      G
               +--------+--------+--------+--------+--------+-----+--------+
         Total |   2596 |   2495 |    101 |     22 |   1383 |   5 |  519.2 |
       Dungeon |   2596 |   2495 |    101 |     22 |   1383 |   5 |  519.2 |
               +--------+--------+--------+--------+--------+-----+--------+

Top non-repeatable levels by time:
     D:1: 928 daAuts
     D:4: 663 daAuts
     D:3: 559 daAuts
     D:2: 424 daAuts
     D:5: 21 daAuts
